[Event "*** Titled Tuesday Blitz"]
[Site "Chess.com"]
[Date "2018.01.02"]
[Round "2"]
[White "catalin009"]
[Black "Kirill_Klukin"]
[Result "0-1"]
[WhiteElo "2354"]
[BlackElo "2447"]
[TimeControl "180+2"]
[EndTime "13:23:33 PST"]
[Termination "Kirill_Klukin won by resignation"]

1. e4 c5 2. Nf3 Nc6 3. Bb5 d6 4. O-O Bd7 5. Re1 Nf6 6. c3 a6 7. Bc4 b5 8. Bf1 Bg4 9. d4 cxd4 10. cxd4 d5 11. exd5 Nxd5 12. Nc3 e6 13. Bg5 Be7 14. Bxe7 Ncxe7 15. Be2 O-O 16. Ne5 Bxe2 17. Qxe2 Rc8 18. Ne4 Nf5 19. Red1 Nd6 20. Nc5 Qe7 21. Nxa6 Nc4 22.
Nxc4 bxc4 23. Nc5 c3 24. Rac1 cxb2 25. Qxb2 Qg5 26. Qd2 Qh4 27. Nd7 Rxc1 28. Rxc1 Rd8 29. Ne5 h6 30. Nf3 Qf6 31. Rc6 g5 32. h3 Nf4 33.
Qe3 Ra8 34. a3 Nd5 35. Qb3 Qf4 36. g3 Qe4 37. Kg2 Nf4+ 38. gxf4 Qxc6 39. fxg5 hxg5 40. Qe3 Ra5 41. Kg3 Qd6+ 42. Kg2 Qf4 43. Qc3 Rf5 44.
Qc6 g4 45. Qe8+ Kg7 46. Ne5 Qxf2+ 47. Kh1 g3 0-1

[Event "*** Titled Tuesday Blitz"]
[Site "Chess.com"]
[Date "2018.01.02"]
[Round "2"]
[White "Kawhi_Leonard2"]
[Black "Colombiano07"]
[Result "1/2-1/2"]
[WhiteElo "2160"]
[BlackElo "2193"]
[TimeControl "180+2"]
[EndTime "13:23:43 PST"]
[Termination "Game drawn by stalemate"]

1. e4 e6 2. d4 d5 3. Nd2 Nf6 4.
e5 Nfd7 5. Bd3 c5 6. c3 Nc6 7. Ne2 cxd4 8. cxd4 f6 9. exf6 Nxf6 10. Nf3 Bd6 11.
O-O Qc7 12. h3 O-O 13. Be3 e5 14. dxe5 Nxe5 15. Ned4 a6 16. Rc1 Qb8 17. Be2 Bd7 18. Qb3 Kh8 19. Rfd1 b5 20. Nxe5 Bxe5 21. Nf3 Bd6 22.
Bd4 Be6 23. Rc6 Ne4 24. Be5 Bxe5 25. Rxe6 Nc5 26. Qxd5 Nxe6 27. Nxe5 Nf4 28. Qe4 Nxe2+ 29. Qxe2 Qe8 30. Rd7 Rd8 31. Rc7 Kg8 32. Qe3 Qe6 33.
Qg3 Rd1+ 34. Kh2 Qf6 35. Nd7 Rxd7 36. Rxd7 Rf7 37. Rxf7 Kxf7 38. Qc7+ Kg6 39. Qg3+ Kf7 40. b4 Ke6 41. Qc7 Qe5+ 42. Qxe5+ Kxe5 43. g4 Kd4 44. f4 Kc4 45. f5 Kxb4 46. g5 Kc5 47. Kg3 Kd6 48. Kf4 a5 49. h4 b4 50. Ke4 a4 51. Kd3 Ke5 52. f6 gxf6 53. gxf6 Kxf6 54.
Kc4 b3 55. axb3 axb3 56. Kxb3 Kf5 57. Kc3 Kg4 58. Kd2 Kxh4 59. Ke2 Kg3 60. Kf1 h5 61. Kg1 h4 62. Kh1 h3 63. Kg1 h2+ 64. Kh1 Kh3 1/2-1/2

[Event "*** Titled Tuesday Blitz"]
[Site "Chess.com"]
[Date "2018.01.02"]
[Round "2"]
[White "TregubovP"]
[Black "mishanick"]
[Result "1-0"]
[WhiteElo "2538"]
[BlackElo "2775"]
[TimeControl "180+2"]
[EndTime "13:23:48 PST"]
[Termination "TregubovP won by resignation"]

1. d4 Nf6 2. c4 e6 3. Nc3 d5 4.
Nf3 c5 5. cxd5 Nxd5 6. e4 Nxc3 7. bxc3 cxd4 8. cxd4 Bb4+ 9. Bd2 Bxd2+ 10. Qxd2 O-O 11.
Bc4 Nd7 12. O-O b6 13. a4 Bb7 14. Rfe1 Nf6 15. Bd3 h6 16. a5 a6 17. axb6 Qxb6 18.
Qa5 Qxa5 19. Rxa5 Rfd8 20. h3 Rac8 21. Ra3 Rc7 22. Kf1 Rdc8 23. e5 Nd5 24. Bxa6 Ra8 25. Rea1 Rc3 26. Ra5 Rxa6 27. Rxa6 Bxa6+ 28. Rxa6 Rc1+ 29.
Ke2 Nf4+ 30. Kd2 Rf1 31. Ra8+ Kh7 32. Rf8 g5 33. Rxf7+ Kg8 34. Rf6 Rxf2+ 35. Ke1 Rxg2 36. Rxh6 Kg7 37. Rf6 Nxh3 38. Rxe6 Nf4 39. Rf6 Nd3+ 40. Kf1 Rf2+ 41. Kg1 g4 42. Ne1 Rd2 43. Nxd3 Rxd3 44. Rf4 g3 45. Kg2 Re3 46. Rf3 Re4 47. Rxg3+ Kf7 48. Rd3 Ke6 49. Kf3 Rh4 50. Kg3 Re4 51. Kf3 Rh4 52. Rd1 Kd5 53. Re1 Rh8 54. Kf4 Rf8+ 55.
Kg5 Ke6 56. Ra1 Kd5 57. Re1 Ke6 58. Kg6 Rf4 59. d5+ Ke7 60. Ra1 Rd4 61. Ra7+ Kd8 62. d6 Rd5 63. Kf6 Rd1 64. Ke6 Kc8 65. Ra8+ Kb7 66. Rh8 Kc6 67. Rc8+ Kb7 68. d7 1-0

[Event "*** Titled Tuesday Blitz"]
[Site "Chess.com"]
[Date "2018.01.02"]
[Round "2"]
[White "Divertissement"]
[Black "OparinGrigoriy"]
[Result "1/2-1/2"]
[WhiteElo "2423"]
[BlackElo "2721"]
[TimeControl "180+2"]
[EndTime "13:23:52 PST"]
[Termination "Game drawn by repetition"]

1. Nf3 d5 2. d4 Nf6 3. c4 e6 4.
Nc3 Be7 5. Bf4 O-O 6. e3 Nbd7 7.
c5 Nh5 8. Bd3 Nxf4 9. exf4 b6 10. b4 a5 11. a3 c6 12. O-O Qc7 13. g3 Ba6 14. Re1 Bf6 15. Ne5 Bxd3 16. Qxd3 Bxe5 17. fxe5 Ra7 18. Ra2 Rfa8 19. Rea1 b5 20. f4 Nf8 21. Qc2 Ng6 22. Nd1 Ne7 23. Ne3 Qd8 24. Kg2 Ra6 25. a4 Qb8 26. axb5 Qxb5 27. bxa5 Rxa5 28. Rxa5 Rxa5 29. Rb1 Qa6 30. Rb8+ Nc8 31. f5 g6 32. fxe6 fxe6 33. Ng4 Ra2 34. Rb2 Rxb2 35. Qxb2 Ne7 36. Nf6+ Kg7 37. Qf2 Qc8 38. g4 Qa8 39. Nd7 Ng8 40. Nf6 Nh6 41. h3 Nf7 42. Nd7 Kg8 43.
Nf6+ Kg7 44. Nd7 Qa1 45. Qf6+ Kg8 46. Qe7 Qb2+ 47. Kh1 Qc1+ 48. Kg2 Qd2+ 49. Kh1 Qe1+ 50. Kg2 Qe2+ 51. Kh1 Qf1+ 52. Kh2 Qf4+ 53. Kh1 Qf3+ 54.
Kh2 Qf2+ 55. Kh1 Qf1+ 56. Kh2 Qe2+ 57. Kh1 Qe4+ 58. Kh2 Qc2+ 59. Kh1 Qd1+ 60. Kh2 Qd2+ 61. Kh1 Qe1+ 62. Kh2 Qe2+ 63. Kh1 1/2-1/2

[Event "*** Titled Tuesday Blitz"]
[Site "Chess.com"]
[Date "2018.01.02"]
[Round "2"]
[White "Bryakin_Mikhail"]
[Black "MITerryble"]
[Result "0-1"]
[WhiteElo "2537"]
[BlackElo "2664"]
[TimeControl "180+2"]
[EndTime "13:23:54 PST"]
[Termination "MITerryble won on time"]

1. d4 e6 2. c4 Bb4+ 3. Bd2 Qe7 4. Nf3 Nf6 5. g3 Nc6 6. Bg2 Bxd2+ 7. Nbxd2 d6 8. O-O e5 9. d5 Nb8 10. e4 a5 11. Ne1 O-O 12. Nd3 Na6 13. b3 Nd7 14.
Qe2 Ndc5 15. a3 Nxd3 16. Qxd3 f5 17. Rab1 f4 18. b4 axb4 19. axb4 Bg4 20. f3 Bd7 21. Qc3 Qg5 22. g4 h5 23. h3 Qh4 24. Rf2 Rf6 25. Qb3 Kh8 26. Kf1 Nb8 27. Ke2 Be8 28. Qb2 Nd7 29.
Ra1 Rb8 30. Qc3 Rf8 31. Ra7 Nf6 32. Ra5 Nh7 33. Ra1 Bd7 34. Nb3 Ra8 35. Ra5 b6 36. Ra1 Ng5 37. Qb2 Rxa1 38. Qxa1 Nxh3 39. Bxh3 Qxh3 40. Qg1 Ra8 41. Rh2 Ra2+ 42. Nd2 Rxd2+ 43. Kxd2 Qxf3 44. gxh5 Qb3 45. Rg2 Qxb4+ 46. Kd3 Qb3+ 47. Kd2 Ba4 48. Rxg7 Qc2+ 49. Ke1 Qd1+ 50. Kf2 Qd2+ 51. Kf3 Bd1+ 0-1

[Event "*** Titled Tuesday Blitz"]
[Site "Chess.com"]
[Date "2018.01.02"]
[Round "2"]
[White "BillCoe"]
[Black "Rhinos1"]
[Result "1-0"]
[WhiteElo "1947"]
[BlackElo "2011"]
[TimeControl "180+2"]
[EndTime "13:23:56 PST"]
[Termination "BillCoe won by checkmate"]

1. e4 e5 2. Nf3 Nc6 3. Bb5 a6 4. Ba4 d6 5. O-O Bd7 6. c3 Nge7 7. d4 Ng6 8. h3 Be7 9. Be3 O-O 10. Nbd2 Kh8 11. Nh2 f5 12. exf5 Bxf5 13. Bxc6 bxc6 14. dxe5 Nxe5 15. Ndf3 Nxf3+ 16. Nxf3 d5 17. Nd4 Bd7 18. Qh5 c5 19. Nf3 Rf5 20. Qg4 Rf6 21. Qh5 Be8 22. Qg4 Rg6 23. Qf4 Bd6 24. Ne5 Rf6 25. Qg5 Bc6 26. Nxc6 Qe8 27. Qxd5 Rc8 28. Rae1 Qg6 29. Bxc5 Bxc5 30. Ne5 Bxf2+ 31. Rxf2 Qg3 32. Nf3 Rcf8 33. Ref1 Rf5 34. Qe4 Rf4 35. Qe7 R4f7 36. Qe1 Rf6 37. Qd2 Rg6 38. Nd4 Rg8 39. Rf8 Qxh3 40. Rxg8+ Kxg8 41. Qe2 h6 42. Qe8+ Kh7 43. Qe4 Qh5 44. Qf3 c5 45.
Qxh5 cxd4 46. cxd4 Rg5 47. Qf3 h5 48. Qe4+ Kh6 49.
Rf5 Rg4 50. Qe5 g6 51. Rf8 Rg5 52. Rh8# 1-0

[Event "*** Titled Tuesday Blitz"]
[Site "Chess.com"]
[Date "2018.01.02"]
[Round "2"]
[White "FairChess_on_YouTube"]
[Black "chidori_boruto"]
[Result "1/2-1/2"]
[WhiteElo "2736"]
[BlackElo "2526"]
[TimeControl "180+2"]
[EndTime "13:23:58 PST"]
[Termination "Game drawn by repetition"]

1. e4 c6 2. d4 d5 3. e5 Bf5 4. h4 h5 5. Bg5 Qb6 6. Bd3 Bxd3 7.
Qxd3 Qxb2 8. e6 Qxa1 9. Qb3 fxe6 10. Nf3 Nd7 11. O-O O-O-O 12. Bd2 Nc5 13. dxc5 Qf6 14. Bg5 Qg6 15. Nc3 Rd7 16. Ne5 Qe8 17. Nxd7 Qxd7 18. Qa3 a6 19. Bf4 Nf6 20. Rb1 Kd8 21. Na4 e5 22.
Bxe5 Ke8 23. Nb6 Qf5 24. Bg3 Ne4 25. Na8 e6 26. Nc7+ Kf7 27. Rxb7 Kg6 28. Nxa6 Kh7 29. Qe3 Nxg3 30. Qxg3 Qxc2 31. Kh2 Qg6 32. Nc7 Qxg3+ 33. fxg3 Bxc5 34. Nxe6 Bd6 35. Rxg7+ Kh6 36. Rd7 Be5 37. Ng5 Re8 38. Nf7+ Kg6 39. Nxe5+ Rxe5 40. Rd6+ Kf5 41. Rxc6 Ke4 42. Rc1 Kd3 43. g4 hxg4 44. Kg3 Kd2 45. Rc5 Re3+ 46. Kxg4 d4 47. Rd5 d3 48. Kh5 Rg3 49.
a4 Kc2 50. a5 d2 51. a6 Rd3 52.
Rc5+ Kb3 53. Rb5+ Kc2 54. Rc5+ Kb2 55. Rb5+ Kc2 56. Rc5+ Kb2 57. Rb5+ Kc2 58. Rc5+ Kb2 59. Rb5+ Kc2 1/2-1/2

[Event "*** Titled Tuesday Blitz"]
[Site "Chess.com"]
[Date "2018.01.02"]
[Round "2"]
[White "pultineviciuspaulius"]
[Black "SergeiAza"]
[Result "0-1"]
[WhiteElo "2521"]
[BlackElo "2680"]
[TimeControl "180+2"]
[EndTime "13:23:59 PST"]
[Termination "SergeiAza won by resignation"]

1. d4 d5 2. c4 e6 3. Nc3 Be7 4. Nf3 Nf6 5. g3 O-O 6. Bg2 c6 7. O-O b6 8. Ne5 Bb7 9. e4 Nbd7 10. exd5 cxd5 11. cxd5 Nxd5 12. Nxd5 exd5 13. Re1 Nf6 14.
Bg5 h6 15. Bxf6 Bxf6 16. Qb3 Qd6 17. f4 Rac8 18. Rac1 g6 19. Bh3 Rxc1 20. Rxc1 Kg7 21. Qc3 Ba6 22. a3 Bc4 23. Rd1 h5 24. Bf1 b5 25. Bg2 Rd8 26. Re1 b4 27. axb4 Rb8 28. Ra1 Qxb4 29. Rxa7 Bxe5 30. fxe5 Qxb2 31. Qxb2 Rxb2 32.
e6 Rb1+ 33. Kf2 Rb2+ 34. Kg1 Rb1+ 35. Kf2 Rb2+ 36. Kf3 Rb3+ 37. Kf4 Kf6 38. Rxf7+ Kxe6 39. Ra7 Rb2 40. Bf3 Rd2 41. Rb7 Rxd4+ 42. Kg5 Rd3 43. Be2 Rd2 44. Bxc4 dxc4 45. Kxg6 Rxh2 46. Rc7 Kd5 47. Kg5 Kd4 48. Rd7+ Ke3 49. Rc7 Kd3 50. Rc6 c3 51. Rd6+ Ke2 52. Rc6 Kd2 53. Rd6+ Kc1 54.
Rc6 c2 55. Rc5 Kd1 56. Rd5+ Kc1 57. Rc5 Rg2 58. Kh4 Kd1 59. Rd5+ Rd2 60. Rc5 Rd3 61. Kxh5 Rxg3 62. Kh4 Rd3 0-1

[Event "*** Titled Tuesday Blitz"]
[Site "Chess.com"]
[Date "2018.01.02"]
[Round "2"]
[White "severomorskij"]
[Black "eldur16"]
[Result "1-0"]
[WhiteElo "2660"]
[BlackElo "2482"]
[TimeControl "180+2"]
[EndTime "13:24:03 PST"]
[Termination "severomorskij won by resignation"]

1. d4 Nf6 2. c4 e6 3. Nf3 Bb4+ 4.
Nbd2 b6 5. a3 Bxd2+ 6. Qxd2 Bb7 7.
e3 a5 8. b3 d6 9. Bb2 Nbd7 10.
Be2 O-O 11. O-O Ne4 12. Qc2 f5 13. Rfd1 Ndf6 14. h3 Qe7 15. b4 c5 16. b5 d5 17. dxc5 Nxc5 18. cxd5 Bxd5 19. Nd4 Rac8 20. Nc6 Bxc6 21. bxc6 Rxc6 22. Bb5 Rcc8 23. Be5 Ncd7 24. Bxf6 Nxf6 25. Qb3 Rc5 26. Bc4 Kf7 27. Rd4 Rfc8 28. Rad1 R8c7 29. a4 g5 30. Qd3 Kg6 31. Bb5 Rc1 32. Rd6 Nd5 33. Qxd5 Qf6 34. Qd4 Qxd4 35. Rxd4 Kf6 36. Rxc1 Rxc1+ 37. Kh2 Ke5 38. Rd7 Rc2 39. f3 h5 40. Rg7 Kf6 41. Rb7 Rc3 42. e4 fxe4 43. fxe4 Re3 44. Rxb6 g4 45. hxg4 hxg4 46.
Ra6 Rxe4 47. Rxa5 Re3 48. Ra8 Ra3 49. Rg8 Kf5 50. Rf8+ Kg5 51. Rg8+ Kh4 52. g3+ Kh5 53. Kg2 Ra2+ 54. Kf1 Ra1+ 55. Kf2 Ra2+ 56. Ke3 Ra3+ 57. Kf4 Rf3+ 58. Ke5 Rxg3 59. a5 Ra3 60. a6 g3 61. Kf4 Ra5 62. Be2+ Kh6 63. Rxg3 1-0

[Event "*** Titled Tuesday Blitz"]
[Site "Chess.com"]
[Date "2018.01.02"]
[Round "2"]
[White "Konavets"]
[Black "Tonychess32"]
[Result "1-0"]
[WhiteElo "2746"]
[BlackElo "2410"]
[TimeControl "180+2"]
[EndTime "13:24:05 PST"]
[Termination "Konavets won by resignation"]

1. c4 Nf6 2. Nc3 b6 3. g3 Bb7 4. Nf3 g6 5. Bg2 Bg7 6. O-O O-O 7. Qc2 c5 8. Rd1 Nc6 9. d4 cxd4 10. Nxd4 Nxd4 11. Rxd4 Bxg2 12. Kxg2 Qc7 13. e4 d6 14. Be3 Ng4 15. Nd5 Qb7 16. Rd3 Nxe3+ 17. Nxe3 Qxe4+ 18. f3 Qb7 19. Re1 Rac8 20. b3 b5 21. Qd2 Bh6 22. Rd4 bxc4 23. bxc4 Rc7 24. Rh4 Bg7 25. Nd5 Rd7 26. Qg5 Qb2+ 27. Kh3 e6 28. Ne7+ Rxe7 29. Qxe7 Bf6 30. Qxd6 Rd8 31. Qf4 Rd2 32. Rh6 Kg7 33.
Rh1 Rd4 34. Rxh7+ Kxh7 35. Qxf6 Qd2 36. Qxf7+ Kh6 37. Qf8+ Kh7 38. Qe7+ Kh6 39. Rb1 Rd7 40. Qf8+ Kh7 41. Rb8 Qh6+ 42. Qxh6+ Kxh6 43. Re8 Rd6 44. Re7 Ra6 45. f4 Rxa2 46. Rxe6 Kg7 47. c5 Rc2 48.
Ra6 Rxc5 49. Rxa7+ Kf6 50. Kg4 Rc4 51. h4 Rc6 52.
Ra5 Rd6 53. Re5 Rc6 54. h5 gxh5+ 55. Kxh5 Rc3 56. Kh4 Kg6 57. g4 Rf3 58. Re6+ Kf7 59. f5 Rb3 60. Kg5 Rb7 61. Rg6 Rc7 62. Rh6 Kg7 63. Rh5 Rc5 64. Rh6 Rc7 65. Ra6 Rb7 66. Kh5 Rf7 67. f6+ Kh7 68. g5 Rf8 69. g6+ Kg8 70.
Kh6 Rb8 71. Ra7 Rc8 72. Rh7 Rc2 73. f7+ 1-0

[Event "*** Titled Tuesday Blitz"]
[Site "Chess.com"]
[Date "2018.01.02"]
[Round "2"]
[White "Slmctk"]
[Black "viktorskliarov"]
[Result "0-1"]
[WhiteElo "2207"]
[BlackElo "2437"]
[TimeControl "180+2"]
[EndTime "13:24:08 PST"]
[Termination "viktorskliarov won on time"]

1. d4 Nf6 2. Nf3 e6 3. c4 b6 4. g3 Bb7 5. Bg2 Be7 6. Nc3 O-O 7. O-O Ne4 8. Bd2 Nxc3 9. Bxc3 d6 10. Qc2 Qc8 11. Rac1 Nd7 12. Rfd1 Nf6 13. d5 e5 14. e4 Qg4 15. Ne1 Bc8 16. f3 Qh5 17. Nd3 Bh3 18. b4 Nd7 19. Nf2 Bxg2 20. Kxg2 Bg5 21. Bd2 Bxd2 22.
Qxd2 f5 23. exf5 Qxf5 24. Qd3 a5 25. Qxf5 Rxf5 26. a3 axb4 27. axb4 Ra4 28. Rb1 Ra2 29. Ra1 Rxa1 30. Rxa1 b5 31. Ra7 bxc4 32. Rxc7 Nf6 33. Ne4 Nxd5 34. Rc8+ Rf8 35. Rc6 Nxb4 36. Rxc4 Nd3 37.
Nxd6 Ne1+ 38. Kh3 Nxf3 39. Ne4 h6 40. Rc7 Rd8 41. Kg2 Nd4 42. h4 Ra8 43. h5 Ra2+ 44.
Kf1 Nf5 45. Rc8+ Kf7 46. Rc7+ Kf8 47. Rc8+ Ke7 48. Rc7+ Ke6 49. Rc8 Ne3+ 50. Ke1 Kf5 51. Nf2 Kg5 52. Re8 Nc4 53. Rc8 Ra4 54. Ne4+ Kxh5 55.
Nf2 Kg6 56. Rc6+ Kf5 57. Rc7 g5 58. g4+ Kf4 59. Nd3+ Ke3 60. Nc1 e4 0-1

[Event "*** Titled Tuesday Blitz"]
[Site "Chess.com"]
[Date "2018.01.02"]
[Round "2"]
[White "PenguinPacks"]
[Black "chesstatour"]
[Result "0-1"]
[WhiteElo "2175"]
[BlackElo "2045"]
[TimeControl "180+2"]
[EndTime "13:24:09 PST"]
[Termination "chesstatour won by checkmate"]

1. e4 c6 2. d4 d5 3. e5 c5 4.
dxc5 Nc6 5. Nf3 Bg4 6. c3 e6 7.
Bf4 Bxc5 8. Nbd2 Qb6 9. Bg3 Qxb2 10. Rb1 Qxc3 11. Rb3 Bxf3 12. Rxc3 Bxd1 13. Rxc5 Bh5 14. Bb5 Ne7 15. O-O O-O 16. Rb1 Bg6 17. Rb2 Rfc8 18. a4 Nd4 19. Rxc8+ Rxc8 20. Bf1 b6 21. a5 Rc2 22.
Rxc2 Nxc2 23. axb6 axb6 24. Nb3 h6 25. Bb5 Na3 26. Be2 Nc4 27. f3 b5 28. Bf2 Nc6 29. Bc5 N6xe5 30. Nd4 Nd3 31. Bxd3 Bxd3 32. Nxb5 f6 33.
Nc7 Kf7 34. Na6 Ne5 35. Nb4 Bc4 36. Kf2 Nd7 37. Be3 e5 38. f4 Ke6 39. Bc1 Kf5 40.
Nc2 Bd3 41. Ne3+ Ke6 42. Kf3 Be4+ 43. Kg3 d4 44. Nd1 g6 45. fxe5 Nxe5 46. Nf2 f5 47. Bxh6 Nd3 48. Bg7 Nxf2 49. Kxf2 Kd5 50. Kg3 Kc4 51. h4 Kd3 52. Kf2 Kc2 53. g3 d3 54. Bh6 d2 55. Bxd2 Kxd2 56. g4 fxg4 57. Kg3 Bf3 58. Kf4 Ke2 59. Kg3 Kf1 60. Kh2 Kf2 61. h5 g3+ 62. Kh3 Bxh5 63. Kh4 g2 64. Kg5 g1=Q+ 65. Kh6 Bf3 66. Kg7 g5 67. Kf6 g4 68.
Kf5 g3 69. Kf6 g2 70. Kf5 Qe1 71. Kf6 g1=Q 72. Kf7 Bd5+ 73. Kf6 Qe6# 0-1

[Event "*** Titled Tuesday Blitz"]
[Site "Chess.com"]
[Date "2018.01.02"]
[Round "2"]
[White "sergeikim"]
[Black "EndgameGrinder"]
[Result "1/2-1/2"]
[WhiteElo "2370"]
[BlackElo "2445"]
[TimeControl "180+2"]
[EndTime "13:24:11 PST"]
[Termination "Game drawn by repetition"]

1. d4 Nf6 2. c4 e6 3. Nc3 Bb4 4. Qc2 c5 5. dxc5 Bxc5 6. Nf3 Qb6 7. e3 Qc7 8. Bd3 b6 9. O-O Bb7 10. Ne4 Be7 11. b3 Nc6 12. a3 Nxe4 13. Bxe4 f5 14. Bd3 Bf6 15. Bb2 O-O 16. Rac1 Rac8 17. e4 fxe4 18. Bxe4 g6 19. Rfd1 Nb4 20. axb4 Bxe4 21.
Qxe4 Bxb2 22. Rc2 Bg7 23. Rcd2 Rcd8 24. h3 a5 25. bxa5 bxa5 26. Rd3 Bf6 27. Qe2 Rfe8 28. Qd2 Re7 29. Nd4 Bxd4 30. Rxd4 Rb8 31. Rd3 Rb7 32. Qg5 Rf7 33. g3 Qb6 34. R1d2 Qc7 35. h4 Kg7 36. h5 Qc8 37. h6+ Kg8 38. Qe5 Qe8 39.
Qxa5 Qf8 40. Qg5 Rf5 41. Qe3 Rf7 42. Qd4 Qe7 43. c5 Qf8 44. Qe3 Qe7 45. Rc3 Qf6 46. c6 dxc6 47. Rxc6 Rb8 48. Rxe6 Qf5 49. Re2 Rbf8 50.
Re8 Qf6 51. Rxf8+ Rxf8 52. Qe6+ Qxe6 53. Rxe6 Rb8 54. Re3 Kf7 55. Kf1 g5 56. Ke2 Kg6 57.
Re6+ Kh5 58. Re3 Kxh6 59. Kd2 Kg6 60. Kc3 Rc8+ 61. Kb2 Rb8 62. Kc3 Rc8+ 63. Kb2 Rb8 64. Kc3 Rc8+ 65. Kb2 Rb8 1/2-1/2

[Event "*** Titled Tuesday Blitz"]
[Site "Chess.com"]
[Date "2018.01.02"]
[Round "2"]
[White "oskariot"]
[Black "ChainsOfFantasia"]
[Result "1/2-1/2"]
[WhiteElo "2398"]
[BlackElo "2444"]
[TimeControl "180+2"]
[EndTime "13:24:27 PST"]
[Termination "Game drawn by stalemate"]

1. e4 c6 2. d4 d5 3. exd5 cxd5 4. Bd3 Nc6 5. c3 Nf6 6. Bf4 Bg4 7. Qb3 e5 8. dxe5 Nh5 9. Bg3 Nxg3 10. hxg3 Nxe5 11. Bb5+ Nc6 12. Nf3 Bc5 13. Nbd2 Qe7+ 14. Kf1 O-O 15. Re1 Qd6 16. Bd3 h6 17. Bb1 Rfe8 18. Qc2 f5 19. Nb3 Bb6 20. Qd2 Rad8 21. Rxe8+ Rxe8 22. Bd3 a5 23. Nfd4 a4 24. Nb5 Qe7 25. N3d4 Bxd4 26. Nxd4 a3 27.
f3 axb2 28. fxg4 Ne5 29. Kg1 Nxd3 30. Qxd3 Qe1+ 31. Kh2 Qxh1+ 32. Kxh1 Re1+ 33. Kh2 b1=Q 34. Qxb1 Rxb1 35. gxf5 Rb2 36. a4 Ra2 37. g4 Rxa4 38. Kg3 Rc4 39. Ne2 Kf7 40. Kf3 b5 41. g3 b4 42.
cxb4 Rxb4 43. Nf4 d4 44. Ke4 Kf6 45. Nd5+ Kg5 46. Nxb4 Kxg4 47. Nd3 h5 48. Nf4 d3 49.
Kxd3 h4 50. gxh4 Kxf4 51. f6 gxf6 52. Ke2 Kg4 53. Ke3 f5 54. h5 f4+ 55. Kf2 Kxh5 56.
Kf3 Kg5 57. Kf2 Kf5 58. Kf3 Ke5 59. Kf2 Ke6 60. Kf3 Kf5 61. Kf2 Kf6 62. Kf3 Kg5 63.
Kf2 Kg4 64. Kg2 Kh4 65. Kf3 Kg5 66. Kf2 Kg4 67. Kg2 f3+ 68. Kf2 Kf4 69. Kf1 Ke3 70. Ke1 Ke4 71. Kf2 Kf4 72. Kf1 Kg3 73. Kg1 f2+ 74.
Kf1 Kf3 1/2-1/2

[Event "*** Titled Tuesday Blitz"]
[Site "Chess.com"]
[Date "2018.01.02"]
[Round "2"]
[White "GM_dmitrij"]
[Black "1stSecond"]
[Result "0-1"]
[WhiteElo "2616"]
[BlackElo "2485"]
[TimeControl "180+2"]
[EndTime "13:24:29 PST"]
[Termination "1stSecond won by resignation"]

1. e4 e5 2. Nf3 Nc6 3. Bc4 Bc5 4. c3 Nf6 5. d3 d6 6. O-O O-O 7. Bb3 a5 8. Nbd2 Ba7 9. h3 Ne7 10. a4 c6 11. Re1 Ng6 12. Nc4 Be6 13. Be3 Bxc4 14.
Bxc4 Bxe3 15. Rxe3 Nf4 16. Kh2 Re8 17. g3 Ng6 18.
Qb3 d5 19. exd5 cxd5 20. Bb5 Re7 21. Rae1 Qd6 22. Qa3 Qxa3 23. bxa3 e4 24. Nd2 Rc8 25. dxe4 dxe4 26. c4 Rc5 27. Nxe4 Rce5 28. Nd6 Rxe3 29. Rxe3 Rc7 30. c5 h6 31. Bc4 Nh8 32. Rb3 Rxc5 33. Rxb7 Ne4 34. Rb5 Rxb5 35. Nxb5 Nxf2 36. Nd6 Nd1 37. Nb7 Nc3 38. Bb5 Ng6 39. Nxa5 Ne7 40. Nc6 Ned5 41. Nd4 Kf8 42. a5 Ke7 43. a6 Kd6 44. a7 Nc7 45. Bc6 Kc5 46. a8=Q Nxa8 47. Bxa8 Kxd4 48. Kg2 Kc5 49. Kf3 Nb5 50. a4 Nc3 51. a5 Kb5 52. Ke3 Kxa5 53. Kd3 Nb5 54. Bd5 Nd6 55. Kd4 Kb6 56. Ke5 Kc7 57. h4 Kd7 58. g4 Ke7 59. g5 h5 60. Bf3 g6 61.
Be4 Nxe4 62. Kxe4 Ke6 63. Kd4 Kf5 64. Kd5 Kg4 65. Ke5 Kxh4 66. Kf6 Kg4 67. Kxf7 Kxg5 0-1

[Event "*** Titled Tuesday Blitz"]
[Site "Chess.com"]
[Date "2018.01.02"]
[Round "2"]
[White "gmjlh"]
[Black "nOcHeaTiNgKiD"]
[Result "1/2-1/2"]
[WhiteElo "2586"]
[BlackElo "2424"]
[TimeControl "180+2"]
[EndTime "13:24:38 PST"]
[Termination "Game drawn by agreement"]

1. e4 e5 2. Nf3 Nc6 3. Bb5 Nf6 4. O-O Nxe4 5. Re1 Nd6 6. Nxe5 Be7 7. Bf1 Nxe5 8.
Rxe5 O-O 9. d4 Bf6 10. Re2 Nf5 11. d5 d6 12. Nc3 Re8 13. Ne4 Be5 14. c3 Bd7 15. Bg5 f6 16. Bc1 g5 17. Re1 c6 18.
Bc4 b5 19. dxc6+ bxc4 20. cxd7 Qxd7 21. g3 Qg7 22. Qd5+ Qf7 23. Qxf7+ Kxf7 24. f4 gxf4 25. gxf4 d5 26. fxe5 dxe4 27. Rxe4 Rxe5 28. Rxe5 fxe5 29. Kf2 Ke6 30. Bd2 Rb8 31. Rb1 Kd5 32. b3 Ke4 33.
Ke2 Rg8 34. Be1 Rg2+ 35. Bf2 Rxh2 36. Rg1 cxb3 37. Rg4+ Kd5 38. axb3 Nd6 39. c4+ Ke6 40. Kf1 Rh3 41. c5 Nb5 42. Rb4 a6 43. Kg2 Rh5 44. Ra4 Rg5+ 45. Kf1 Nc7 46. Rb4 Kd5 47. Rb6 Rg6 48. Rb7 Rc6 49. Rb4 h5 50. Rh4 Rh6 51.
Be3 Rh7 52. Ke2 Ne6 53. b4 Nd4+ 54. Bxd4 exd4 55. Kd3 Kc6 56. Kxd4 Kb5 57. Kd5 Rd7+ 58. Ke6 Rh7 59. Kd6 Rh6+ 60. Kd5 Rh8 61. Ke6 a5 62.
bxa5 Kxc5 63. Kf7 Kb5 64. Kg7 Ra8 65. Rxh5+ Ka4 66. Rh1 Rxa5 67. Kf6 Ra6+ 68. Ke5 Rc6 69. Kd5 Rc2 70. Rb1 Rc3 71. Kd4 Rc8 72. Rb2 Rc7 73. Rb8 Rc6 74. Rb2 Rc7 1/2-1/2

[Event "*** Titled Tuesday Blitz"]
[Site "Chess.com"]
[Date "2018.01.02"]
[Round "2"]
[White "RoelandPruijssers"]
[Black "Andrejs_Sokolov"]
[Result "1/2-1/2"]
[WhiteElo "2477"]
[BlackElo "2618"]
[TimeControl "180+2"]
[EndTime "13:24:45 PST"]
[Termination "Game drawn - insufficient material"]

1. e4 c6 2. d4 d5 3. exd5 cxd5 4. c4 Nf6 5. Nc3 Nc6 6. Bg5 Qa5 7. Bxf6 exf6 8. cxd5 Bb4 9. Qd2 Bxc3 10. bxc3 Qxd5 11. Nf3 O-O 12. Be2 Bg4 13. O-O Rfd8 14. h3 Bh5 15.
Rab1 b6 16. Rb5 Bxf3 17. Rxd5 Bxd5 18. c4 Be4 19. d5 Na5 20. f3 Bg6 21. Re1 Rac8 22.
Qd4 h6 23. Bf1 Kf8 24. g4 Nb7 25. f4 f5 26. gxf5 Bxf5 27. Qe5 Nd6 28. Qe7+ Kg8 29. Qxa7 Nxc4 30. Re7 Bg6 31. f5 Bh5 32. Rd7 Re8 33.
Re7 Red8 34. Bxc4 Rxc4 35. d6 Rd4 36. d7 Kf8 37. Re8+ Rxe8 38. dxe8=Q+ Kxe8 39. Qxb6 Rd1+ 40. Kf2 Rd2+ 41. Ke3 Rxa2 42. f6 Re2+ 43. Kd3 gxf6 44. Qb5+ Kf8 45. Qxh5 Re5 46. Qxh6+ Kg8 47. Qxf6 Re6 48.
Qf5 Kg7 49. h4 Kg8 50. Qg5+ Kh7 51. h5 Rh6 52. Ke4 Re6+ 53. Kf5 Rh6 54. Kg4 Re6 55. Qf5+ Kg7 56. Kg5 Rh6 57. Qd5 Re6 58. Qd4+ Kh7 59. Qf4 Kg7 60. Qf5 Rh6 61. Qc8 Re6 62. Qb8 Rh6 63. Qh2 Re6 64. h6+ Kh7 65. Qh3 Rg6+ 66. Kf4 Rxh6 67. Qd7 Kg7 68. Kg5 Rg6+ 69. Kh5 Re6 70.
Qd4+ Kh7 71. Kg5 Kg8 72. Qh4 Kg7 73. Qd4+ Kg8 74. Qc3 Kh7 75. Kh5 Kg8 76. Qg3+ Rg6 77.
Qxg6+ fxg6+ 78. Kxg6 1/2-1/2

[Event "*** Titled Tuesday Blitz"]
[Site "Chess.com"]
[Date "2018.01.02"]
[Round "2"]
[White "korason34"]
[Black "geeeeri"]
[Result "1-0"]
[WhiteElo "2338"]
[BlackElo "2388"]
[TimeControl "180+2"]
[EndTime "13:24:58 PST"]
[Termination "korason34 won by resignation"]

1. d4 Nf6 2. c4 e6 3. Nf3 d5 4. Nc3 Be7 5. Bg5 c6 6. e3 O-O 7. Bd3 Nbd7 8. O-O a6 9. a4 Re8 10. Qc2 h6 11. Bxf6 Bxf6 12. e4 dxc4 13. Bxc4 e5 14.
d5 c5 15. h3 Be7 16. Be2 Bd6 17. Nd2 b6 18. Nc4 Qc7 19. Bg4 Nf8 20. Bh5 Nh7 21. Ra3 Bd7 22. Rb3 Rab8 23. Be2 Bc8 24. Bd3 Ng5 25. h4 Nh7 26. Qe2 Nf6 27. Nxd6 Qxd6 28. Bxa6 Bxa6 29. Qxa6 Nh5 30. a5 Qf6 31. Rxb6 Qxh4 32. d6 Rbd8 33. Qb5 Nf4 34. Ne2 Re6 35. Nxf4 exf4 36. Qd3 Rg6 37. Qf3 Rgxd6 38. Rxd6 Rxd6 39. e5 Ra6 40. Ra1 Qd8 41. Qc3 Qc7 42. b4 f3 43. b5 Ra8 44. b6 Qe7 45. Qxf3 Rb8 46. Qd5 c4 47. a6 Rd8 48. Qxd8+ Qxd8 49. a7 Qxb6 50. a8=Q+ Kh7 51. Qe4+ g6 52. Qxc4 Kg7 53. Rc1 Qb2 54. Re1 Qd2 55. Qe4 Qg5 56. g3 h5 57. e6 fxe6 58. Qxe6 Kh6 59. Qe5 Qd8 60.
Qf4+ Kh7 61. Qf3 Kh6 62. Ra1 Qd4 63. Rb1 Qd7 64. Qf4+ Kh7 65. Re1 Qb7 66. Qe4 Qb5 67.
Kg2 Kh6 68. Re3 Qc5 69. Rf3 Kg7 70. Qf4 Qe7 71. Re3 Qd7 72. Qe5+ Kh6 73. Qh8+ Kg5 74.
Re5+ 1-0